 Dungeon Crawl Stone Soup version 0.20.2-3-g29329e0561 (webtiles) character file.

254 Alfie the Shield-Bearer (level 6, 0/53 HPs)
             Began as a Hill Orc Fighter on Aug 14, 2023.
             Slain by a killer bee (5 damage)
             ... on level 4 of the Dungeon.
             The game lasted 00:05:55 (2042 turns).

Alfie the Shield-Bearer (Hill Orc Fighter)          Turns: 2042, Time: 00:05:56

Health: 0/53       AC:  8    Str: 21    XL:     6   Next: 14%
Magic:  6/6        EV:  8    Int:  8    God:
Gold:   210        SH:  9    Dex: 10    Spells: 5/5 levels left

rFire    + . .     SeeInvis .   a - +0 rapier
rCold    + . .     Gourm    .   c - +0 shield
rNeg     . . .     Faith    .   b - +0 scale mail
rPois    +         Spirit   .   (no helmet)
rElec    +         Reflect  .   (no cloak)
rCorr    +         Harm     .   i - +0 pair of gloves
MR       .....                  (no boots)
Stlth    ..........             (no amulet)
Regen    0.2/turn               (no ring)
MPRegen  0.1/turn               (no ring)

@: lethally poisoned (0 -> -10), resistant, flying
A: no striking features
a: no special abilities


You were on level 4 of the Dungeon.
You were not hungry.

You visited 1 branch of the dungeon, and saw 4 of its levels.

You collected 210 gold pieces.

Inventory:

Hand Weapons
 a - a +0 rapier (weapon)
Missiles
 s - a tomahawk (quivered)
Armour
 b - a +0 scale mail (worn)
 c - a +0 shield (worn)
 i - a +0 pair of gloves (worn)
Jewellery
 g - a cursed ring of teleportation {unknown}
 m - a +3 ring of protection {unknown}
 p - a cursed -3 ring of slaying {unknown}
Scrolls
 e - 2 scrolls of identify {unknown}
 h - 3 scrolls of teleportation {unknown}
 k - 4 scrolls of remove curse {unknown}
 l - a scroll of recharging {unknown}
 o - a scroll of magic mapping {unknown}
 r - a scroll of fog {unknown}
 u - a scroll of blinking {unknown}
Potions
 d - a potion of might
 q - a potion of degeneration {unknown}
 w - a potion of curing {unknown}
 x - a potion of haste {unknown}
 z - a potion of mutation {unknown}
Comestibles
 f - 4 bread rations
 t - 2 meat rations


   Skills:
 + Level 4.4 Fighting
 + Level 3.7 Short Blades
 + Level 0.3 Throwing
 + Level 4.4 Armour
 + Level 1.2 Dodging
 + Level 4.5 Shields


You had 5 spell levels left.
You didn't know any spells.

Dungeon Overview and Level Annotations

Branches:
Dungeon (4/15)
 Temple: D:4-7

Altars:
Dithmenos
Fedhas
Yredelemnul


Message History

The killer bee is almost dead.
You feel sick. You block the killer bee's attack. The killer bee stings you.
* * * LOW HITPOINT WARNING * * *
The killer bee closely misses you.
You miss the killer bee.
The killer bee is almost dead.
You block the killer bee's attack. The killer bee stings you.
* * * LOW HITPOINT WARNING * * *
You are lethally poisoned!
The killer bee poisons you!
You miss the killer bee.
The killer bee is severely wounded.
* * * LOW HITPOINT WARNING * * *
You feel sick. You block the killer bee's attack.
The killer bee barely misses you.
You barely miss the killer bee.
The killer bee is severely wounded.
* * * LOW HITPOINT WARNING * * *
You feel sick. The killer bee stings you.
You die... ############ #<......@yy# ##########y# .# #

You could see 3 killer bees.

Vanquished Creatures
  A centaur skeleton (D:3)
  4 orc wizards (D:3)
  A howler monkey skeleton (D:4)
  3 adders
  2 worms (D:2)
  A dart slug (D:2)
  A leopard gecko (D:3)
  11 orcs (D:3)
  6 bats
  A giant cockroach (D:3)
  7 goblins
  7 hobgoblins
  5 jackals
  3 quokkas
  A frilled lizard (D:2)
  7 rats
61 creatures vanquished.

Notes
Turn   | Place    | Note
-------+----------+-------------------------------------------
     0 | D:1      | Alfie the Hill Orc Fighter began the quest for the Orb.
     0 | D:1      | Reached XP level 1. HP: 19/19 MP: 1/1
   293 | D:2      | Reached XP level 2. HP: 27/27 MP: 2/2
   515 | D:2      | Reached XP level 3. HP: 32/33 MP: 3/3
   539 | D:2      | Found a basalt altar of Yredelemnul.
  1084 | D:3      | Reached XP level 4. HP: 36/40 MP: 4/4
  1181 | D:3      | Found a blossoming altar of Fedhas.
  1268 | D:3      | Reached XP level 5. HP: 45/46 MP: 5/5
  1278 | D:3      | Found a shadowy altar of Dithmenos.
  1858 | D:3      | Reached skill level 1 in Dodging
  1936 | D:3      | Reached XP level 6. HP: 35/53 MP: 6/6
  2042 | D:4      | Slain by a killer bee

Skill      XL: |  1  2  3  4  5 |
---------------+----------------+-----
Short Blades   | 3 |  3.7
Shields        | 4 |  4.5
Fighting       | 4 |  4.4
Armour         | 4 |  4.4
Dodging        | 1 |  1.2
Throwing       | |  0.3

Action                   |  1- 3 |  4- 6 || total
-------------------------+-------+-------++-------
Melee: Rapier            |   137 |   186 ||   323
Throw: Tomahawk          |       |     3 ||     3
  Use: Potion            |       |     4 ||     4
  Eat: Bread ration      |     1 |       ||     1
Armor: Scale mail        |    48 |    76 ||   124
Dodge: Dodged            |    41 |    50 ||    91
Block: Shield            |    71 |    87 ||   158
